Map: Kairos Junction LE

Players

Ska

  • Race: Protoss Protoss
  • League: Diamond
  • Spawn Location: 11:00

CalebAracous - Winner!

  • Race: Zerg Zerg
  • League: Grandmaster
  • Spawn Location: 5:00

Event: Cheeseadelphia 8

VOD

Have the link to the VOD?

Description

Time

  • Played on: Dec. 8, 2018, 1:37 p.m.
  • Length: 7:59

All games in this series

Show
View Real Time Build Order
Export as new Build Order

Ska Protoss 

Build Orders: 1 Gate Expand 

Get SALT Encoding   

  12  0:00  Probe  
  13  0:12  Probe  
  14  0:20  Pylon  
  14  0:24  Probe  
  15  0:36  Probe  
  15  0:40  Gateway  
  16  0:44  Probe  
  16  0:49  Assimilator  
  17  0:52  Probe  
  18  1:04  Probe  
  19  1:16  Probe  
  20  1:30  Nexus  
  20  1:41  Cybernetics Core  
  20  1:42  Probe  
  21  1:50  Probe  
  21  1:51  Pylon  
  21  1:58  Probe  
  21  1:59  Assimilator  
  22  2:07  Stalker  
  23  2:10  Probe  
  24  2:18  Warp Gate  
  24  2:22  Probe  
  27  2:35  Probe  
  27  2:36  Robotics Facility  
  28  2:42  Stalker  
  30  2:46  Probe  
  31  3:04  Probe  
  32  3:09  Pylon  
  32  3:11  Twilight Council  
  32  3:13  Probe  
  32  3:17  Gateway  
  32  3:19  Sentry  
  35  3:25  Probe  
  36  3:32  Observer  
  36  3:33  Probe  
  36  3:35  Probe  
  37  3:47  Probe  
  37  3:57  Gateway  
  37  4:01  Probe x2  
  39  4:03  Warp Prism  
  39  4:09  Blink  
  35  4:13  Probe x2  
  39  4:22  Adept x2  
  43  4:25  Probe  
  44  4:34  Probe  
  44  4:36  Assimilator  
  44  4:40  Gateway  
  44  4:42  Gateway  
  44  4:48  Probe  
  44  4:49  Probe  
  46  5:00  Stalker, Probe  
  46  5:01  Stalker, Probe  
  46  5:03  Observer  
  53  5:16  Pylon  
  53  5:18  Pylon  
  53  5:20  Gateway  
  53  5:21  Gateway, Probe  
  54  5:34  Probe x2  
  56  5:35  Pylon  
  56  5:38  Stalker  
  56  5:39  Stalker x2  
  62  5:45  Stalker  
  64  5:57  Pylon  
  64  6:02  Stalker x3  
  70  6:10  Pylon  
  70  6:11  Probe  
  71  6:15  Stalker  
  71  6:16  Stalker  
  75  6:20  Pylon  
  67  6:59  Stalker x4  
  67  7:00  Stalker x3  
  81  7:08  Dark Shrine  
Show
View Real Time Build Order
Export as new Build Order

CalebAracous Zerg - Winner!

Build Orders: Hatch First 

Get SALT Encoding   

  12  0:01  Drone  
  13  0:12  Overlord  
  13  0:19  Drone  
  14  0:31  Drone x2  
  16  0:49  Hatchery  
  15  0:53  Drone  
  15  0:55  Drone  
  17  0:59  Drone  
  18  1:09  Extractor  
  17  1:14  Spawning Pool  
  17  1:16  Drone  
  17  1:19  Drone  
  18  1:33  Drone  
  19  1:48  Drone  
  19  1:52  Drone  
  21  2:01  Queen  
  21  2:02  Queen  
  21  2:04  Overlord, Zergling x2  
  21  2:08  Metabolic Boost  
  26  2:12  Drone  
  26  2:13  Drone  
  28  2:23  Drone x2  
  30  2:35  Hatchery  
  29  2:40  Hatchery  
  29  2:46  Queen  
  31  2:52  Overlord  
  31  2:55  Zergling x2  
  32  2:58  Pneumatized Carapace  
  32  3:07  Zergling x6  
  32  3:09  Overlord  
  35  3:16  Drone x3  
  38  3:29  Drone x5  
  43  3:38  Overlord  
  43  3:39  Drone  
  44  3:49  Roach Warren  
  44  3:52  Drone  
  44  3:53  Drone x5  
  47  4:06  Queen  
  47  4:12  Overlord, Extractor x2  
  47  4:13  Drone x6  
  51  4:24  Overlord  
  51  4:28  Drone x3  
  54  4:36  Lair  
  53  4:40  Drone x7  
  53  4:45  Drone x2, Overlord x2  
  62  4:54  Queen x2  
  62  4:59  Overlord  
  66  5:03  Roach x2  
  66  5:04  Roach  
  72  5:08  Roach x3  
  72  5:11  Zergling x4  
  72  5:13  Zergling x2  
  72  5:14  Zergling x2  
  82  5:16  Zergling x2  
  82  5:17  Zergling x4  
  85  5:23  Overlord  
  84  5:32  Drone  
  84  5:35  Glial Reconstitution  
  85  5:36  Overlord  
  85  5:39  Roach x6, Extractor  
  85  5:40  Roach  
  98  5:49  Overlord x2  
  108  5:57  Roach x6  
  108  6:02  Queen  
  112  6:05  Overlord x3  
  112  6:13  Roach x4  
  112  6:18  Overlord  
  120  6:19  Zergling x4  
  120  6:21  Overseer  
  120  6:23  Ravager  
  120  6:24  Zergling x2  
  120  6:25  Zergling x4  
  126  6:29  Ravager  
  126  6:30  Zergling x8  
  131  6:33  Zergling x2  
  130  6:46  Zergling x2  
  130  6:47  Zergling x6  
  126  6:52  Zergling x2  
  126  6:53  Zergling x18  
  135  6:56  Evolution Chamber  
  135  7:01  Ravager x4  
  135  7:02  Overlord  
  135  7:06  Zergling x4  
  131  7:17  Zergling x6  
Tags
 
Add a new tag
Caveats
  • Supply blocks, unpowered buildings, or Contaminate may cause inaccurate times.
  • Supply counts are checked every 10 seconds.